Map: Dusk Towers

Players

capac - Winner!

  • Race: Terran Terran
  • League: Gold

A.I. 1 (Elite)

  • Race: Protoss Protoss

VOD

Have the link to the VOD?

Description

Time

  • Played on: March 8, 2016, 12:49 p.m.
  • Length: 13:09
Show
View Real Time Build Order
Export as new Build Order

capac Terran - Winner!

Build Orders: Bio Tank 

Get SALT Encoding   

  12  0:01  SCV  
  13  0:13  SCV  
  14  0:18  Supply Depot  
  14  0:25  SCV  
  15  0:39  SCV  
  15  0:40  Barracks  
  16  0:45  Refinery  
  16  0:51  SCV  
  17  1:03  SCV  
  18  1:16  SCV  
  19  1:28  SCV  
  19  1:29  Barracks Reactor  
  20  1:37  Command Center  
  20  1:40  SCV  
  21  1:57  Orbital Command  
  21  1:58  Supply Depot  
  21  2:07  Marine x2  
  23  2:20  Factory  
  23  2:27  Marine x2  
  25  2:33  Refinery  
  25  2:34  SCV  
  26  2:47  Barracks  
  26  2:48  SCV  
  27  2:52  Orbital Command  
  27  2:57  Marine  
  27  2:58  Marine  
  28  3:00  SCV  
  30  3:06  Factory Tech Lab  
  30  3:12  SCV  
  31  3:15  Starport  
  31  3:18  Marine  
  31  3:19  Marine  
  33  3:27  SCV  
  33  3:28  SCV  
  33  3:33  Siege Tank  
  38  3:39  Supply Depot  
  38  3:41  Barracks Tech Lab  
  38  3:43  SCV  
  38  3:46  SCV  
  40  3:54  Marine  
  40  3:55  Marine  
  42  3:56  SCV  
  42  3:59  Medivac  
  45  4:03  Supply Depot  
  45  4:14  Siege Tank  
  45  4:15  Marine  
  45  4:16  Marine x2  
  51  4:24  Stimpack  
  51  4:27  Refinery, SCV x2  
  53  4:36  Starport Reactor  
  53  4:39  SCV x2  
  53  4:41  Refinery  
  53  4:42  Marine  
  53  4:43  Marine x2  
  58  4:53  SCV x2  
  60  5:00  Marine x2  
  62  5:07  Supply Depot  
  62  5:08  Marine  
  62  5:12  Medivac x2  
  67  5:17  SCV x2  
  67  5:18  Marine  
  70  5:28  Marine x2  
  70  5:30  Supply Depot  
  70  5:31  Siege Tank  
  75  5:36  Marine, SCV x2  
  75  5:37  Supply Depot  
  78  5:51  Marine x2  
  78  5:54  Marine  
  78  5:55  SCV x2  
  83  6:09  Marine x2  
  85  6:21  Siege Tank  
  85  6:22  Medivac x2  
  85  6:23  SCV x2  
  94  6:28  Command Center  
  94  6:40  Combat Shields  
  94  6:48  Supply Depot  
  94  6:50  Supply Depot  
  94  6:52  Marine x3  
  97  6:57  Barracks x2  
  97  7:00  Siege Tank  
  100  7:10  Marine x3, SCV x2  
  105  7:20  Supply Depot  
  105  7:26  Medivac  
  105  7:27  Medivac  
  105  7:28  Marine x2  
  111  7:33  Siege Tank  
  79  7:53  Marine x2  
  79  7:56  Barracks Reactor x2  
  81  8:00  Medivac x2  
  85  8:06  Supply Depot  
  85  8:08  Barracks x2  
  85  8:11  Orbital Command  
  85  8:20  SCV x2  
  85  8:22  Marine x2  
  85  8:23  Factory, Marine  
  89  8:29  Liberator x2  
  89  8:32  SCV x2  
  89  8:34  Marine x4  
  92  8:36  Supply Depot  
  92  8:38  SCV  
  96  8:42  Marine x3  
  105  8:49  SCV x2  
  105  8:51  Marine, SCV  
  105  8:53  Refinery  
  109  8:57  Refinery  
  109  8:58  Barracks Reactor x2  
  109  9:01  SCV x2  
  111  9:07  Marine x3  
  111  9:08  Marine x2  
  111  9:09  Marine  
  117  9:16  Factory Tech Lab  
  117  9:17  Supply Depot  
  117  9:23  SCV x3  
  120  9:24  Marine  
  120  9:25  Marine x4  
  120  9:30  Siege Tank  
  128  9:35  Siege Tank  
  131  9:39  SCV x3  
  131  9:44  Marine  
  131  9:45  Marine x6  
  138  9:46  Marine x4  
  138  9:50  Supply Depot  
  134  10:02  Marine  
  133  10:08  Siege Tank x2  
  139  10:17  Liberator x2  
  139  10:28  Marine x3  
  139  10:29  Marine x3  
  151  10:40  Siege Tank  
  151  10:41  Siege Tank, Command Center  
  157  11:05  Marine x2, Liberator x2  
  157  11:06  Marine x6  
  165  11:18  Marine x3  
  166  11:19  Siege Tank  
  166  11:20  Siege Tank  
  166  11:23  Marine  
  181  11:28  Supply Depot  
  181  11:30  Starport, Marine  
  178  11:51  Siege Tank  
  179  11:57  Marine x5  
  179  11:58  Marine x6  
  190  12:15  Marine x2  
Show
View Real Time Build Order
Export as new Build Order

A.I. 1 (Elite) Protoss 

Build Orders: Zealot Archon 

Get SALT Encoding   

  12  0:01  Probe (Chrono Boost)  
  13  0:11  Probe (Chrono Boost)  
  14  0:20  Pylon  
  14  0:22  Probe (Chrono Boost)  
  15  0:38  Probe (Chrono Boost)  
  16  0:47  Assimilator  
  16  0:49  Probe (Chrono Boost)  
  17  0:50  Gateway  
  17  1:00  Probe (Chrono Boost), Pylon  
  18  1:10  Probe (Chrono Boost)  
  19  1:21  Probe (Chrono Boost)  
  20  1:31  Probe (Chrono Boost)  
  21  1:36  Gateway  
  21  1:37  Zealot  
  23  1:43  Cybernetics Core, Probe (Chrono Boost)  
  24  1:49  Pylon  
  25  1:54  Probe (Chrono Boost)  
  25  2:02  Zealot  
  25  2:04  Assimilator  
  27  2:09  Probe (Chrono Boost)  
  28  2:15  Warp Gate  
  28  2:21  Probe (Chrono Boost)  
  28  2:22  Adept  
  29  2:28  Adept  
  33  2:40  Robotics Facility  
  33  2:43  Probe (Chrono Boost)  
  34  2:48  Adept  
  36  2:53  Adept  
  38  3:03  Pylon  
  38  3:05  Probe (Chrono Boost)  
  39  3:20  Adept  
  39  3:21  Sentry  
  43  3:27  Immortal  
  43  3:33  Pylon  
  47  3:50  Stalker x2  
  47  3:53  Pylon  
  51  4:04  Immortal  
  55  4:16  Pylon  
  55  4:27  Adept  
  55  4:29  Gateway  
  57  4:38  Gateway  
  57  4:41  Adept  
  59  4:47  Adept  
  61  5:00  Adept  
  61  5:05  Stalker  
  65  5:19  Stalker  
  67  5:23  Adept  
  67  5:27  Zealot  
  71  5:30  Pylon  
  71  5:48  Twilight Council  
  71  5:52  Pylon  
  71  6:22  Nexus  
  71  6:26  Templar Archives  
  71  6:45  Stalker  
  73  6:49  Forge  
  73  6:54  Stalker  
  73  7:01  Pylon  
  75  7:03  High Templar x2  
  75  7:07  Stalker  
  81  7:10  Archon  
  81  7:24  Pylon  
  81  7:31  Zealot x2  
  81  7:35  High Templar  
  81  7:36  Probe x2 (Chrono Boost)  
  81  7:42  Assimilator  
  65  7:47  Probe (Chrono Boost)  
  65  7:48  Probe (Chrono Boost)  
  69  7:58  Probe (Chrono Boost)  
  69  7:59  Probe (Chrono Boost)  
  69  8:04  High Templar  
  71  8:06  Assimilator  
  71  8:09  Probe (Chrono Boost)  
  71  8:10  Probe (Chrono Boost)  
  73  8:15  Archon  
  73  8:16  Zealot  
  76  8:20  Probe (Chrono Boost)  
  76  8:21  Probe (Chrono Boost)  
  76  8:23  High Templar  
  79  8:32  Probe x2 (Chrono Boost)  
  81  8:40  High Templar  
  83  8:43  Probe x2 (Chrono Boost)  
  83  8:44  Archon  
  85  8:54  Probe (Chrono Boost), High Templar  
  85  8:55  Probe (Chrono Boost)  
  89  9:02  Forge  
  89  9:08  High Templar, Nexus  
  91  9:12  Archon  
  91  9:21  High Templar  
  93  9:35  High Templar  
  93  9:36  Pylon  
  95  9:44  Sentry  
  97  9:50  Archon  
  97  9:51  Observer  
  97  9:52  Zealot  
  100  9:54  Zealot  
  80  10:05  Zealot  
  80  10:06  Zealot  
  62  10:11  Adept  
  62  10:12  High Templar  
  65  10:21  Probe (Chrono Boost)  
  65  10:22  Probe x2 (Chrono Boost)  
  65  10:23  Zealot  
  65  10:25  High Templar  
  69  10:29  Assimilator  
  69  10:30  Stalker  
  69  10:32  Archon  
  69  10:33  Probe (Chrono Boost)  
  69  10:34  Assimilator  
  69  10:35  Probe x2 (Chrono Boost)  
  74  10:42  Zealot  
  76  10:43  Zealot  
  76  10:45  Probe (Chrono Boost)  
  76  10:46  Probe (Chrono Boost)  
  76  10:47  Probe (Chrono Boost)  
  81  10:51  Zealot  
  81  10:55  Adept  
  76  10:57  Probe (Chrono Boost)  
  76  10:58  Probe (Chrono Boost)  
  76  10:59  Probe (Chrono Boost)  
  76  11:01  Zealot  
  76  11:02  Zealot  
  78  11:08  Probe (Chrono Boost)  
  78  11:09  Probe (Chrono Boost)  
  78  11:10  Stalker  
  78  11:11  Probe (Chrono Boost)  
  82  11:15  Stalker  
  84  11:19  Probe (Chrono Boost)  
  84  11:20  Probe (Chrono Boost), Stalker  
  84  11:21  High Templar  
  84  11:22  Probe (Chrono Boost)  
  91  11:31  Probe (Chrono Boost)  
  91  11:32  Probe (Chrono Boost), Zealot  
  93  11:34  Probe (Chrono Boost)  
  93  11:36  Immortal, Stalker  
  102  11:42  Probe (Chrono Boost), Stalker  
  102  11:43  Probe (Chrono Boost)  
  102  11:46  Probe (Chrono Boost)  
  98  11:52  Zealot, Sentry  
  91  11:54  Probe (Chrono Boost)  
  91  11:55  Probe (Chrono Boost)  
  91  11:57  High Templar  
  87  12:03  Zealot  
  87  12:06  Probe x2 (Chrono Boost)  
  76  12:12  Adept  
  76  12:13  High Templar  
  80  12:17  Probe (Chrono Boost)  
  80  12:18  Probe (Chrono Boost)  
  80  12:19  Archon  
  80  12:22  Zealot  
  77  12:29  Sentry  
  56  12:30  Probe (Chrono Boost)  
  56  12:31  Zealot  
  56  12:32  Probe (Chrono Boost)  
  51  12:41  Probe (Chrono Boost), Sentry  
  51  12:43  Zealot  
  52  12:47  Probe (Chrono Boost)  
Tags
 
Add a new tag
Caveats
  • Supply blocks, unpowered buildings, or Contaminate may cause inaccurate times.
  • Supply counts are checked every 10 seconds.